 Dungeon Crawl Stone Soup version 0.23.2-40-g277498a001 (webtiles) character file.

Game seed: 14077467458177095183

450 Exodus22XD the Conjurer (level 6, -8/32 HPs)
             Began as a Deep Elf Wizard on Sept 13, 2019.
             Killed from afar by Pikel (14 damage)
             ... with a wand of acid (2)
             ... on level 4 of the Dungeon.
             The game lasted 00:14:52 (4258 turns).

Exodus22XD the Conjurer (Deep Elf Wizard)           Turns: 4258, Time: 00:14:53

Health: -8/32      AC:  4    Str:  4    XL:     6   Next: 74%
Magic:  0/14       EV: 13    Int: 25    God:
Gold:   295        SH:  0    Dex: 13    Spells: 2/13 levels left

rFire    . . .     SeeInvis .   i - +0 dagger
rCold    . . .     Gourm    .   (no shield)
rNeg     . . .     Faith    .   B - +1 robe {MR+}
rPois    .         Spirit   .   b - +0 hat
rElec    .         Reflect  .   (no cloak)
rCorr    .         Harm     .   p - +0 pair of gloves
MR       +....                  (no boots)
Stlth    ++........             n - amulet of regeneration
HPRegen  0.50/turn              e - ring of flight
MPRegen  0.14/turn              (no ring)

@: no status effects
A: no striking features
a: Evoke Flight


You were on level 4 of the Dungeon.
You were not hungry.

You visited 2 branches of the dungeon, and saw 5 of its levels.

You collected 295 gold pieces.

Inventory:

Hand Weapons
 i - a +0 dagger (weapon)
Armour
 b - a +0 hat (worn)
 p - a +0 pair of gloves (worn)
 B - a +1 robe of magic resistance (worn)
Jewellery
 e - a ring of flight (left hand)
 n - an amulet of regeneration (around neck)
Scrolls
 c - a scroll of immolation {unknown}
 f - 6 scrolls of identify {unknown}
 l - 4 scrolls of remove curse {unknown}
 m - a scroll of teleportation {unknown}
 r - 2 scrolls of amnesia {unknown}
 s - a scroll of magic mapping {unknown}
 t - 2 scrolls of enchant weapon {unknown}
 u - 2 scrolls of enchant armour {unknown}
 v - a scroll of fear {unknown}
 w - a scroll of random uselessness {unknown}
 y - a scroll of blinking {unknown}
Potions
 a - a potion of ambrosia {unknown}
 g - 2 potions of cancellation {unknown}
 h - a potion of brilliance {unknown}
 j - 2 potions of agility {unknown}
 k - a potion of lignification {unknown}
 q - a potion of curing {unknown}
 x - 2 potions of might {unknown}
 z - a potion of berserk rage {unknown}
 A - a potion of invisibility {unknown}
Comestibles
 d - 7 rations


   Skills:
 - Level 2.4 Dodging
 - Level 2.4 Stealth
 - Level 4.4 Spellcasting
 - Level 5.0 Conjurations
 - Level 4.3 Summonings
 - Level 1.1 Translocations
 * Level 3.7 Fire Magic
 - Level 0.1 Evocations


You had 2 spell levels left.
You knew the following spells:

 Your Spells              Type           Power        Failure   Level  Hunger
a - Magic Dart            Conj           ####         1%          1    None
b - Call Imp              Summ           ####....     2%          2    None
c - Blink                 Tloc           N/A          9%          2    None
d - Conjure Flame         Conj/Fire      ####....     4%          3    ##.....
e - Mephitic Cloud        Conj/Pois/Air  ##......     13%         3    ##.....

Your spell library contained the following spells:

 Spells                   Type           Power        Failure   Level  Hunger
 Slow                     Hex            #.......     13%         2    None


Dungeon Overview and Level Annotations

Branches:
Dungeon (4/15)             Temple (1/1) D:4

Altars:
Ashenzari
Cheibriados
Dithmenos
Elyvilon
Fedhas
Gozag
Kikubaaqudgha
Okawaru
Qazlal
Ru
Trog
Wu Jian
Xom
Zin
The Shining One

Annotations:
D:4 Eustachio, Pikel


Message History

Confirm with . or Enter, or press ? or * to list all spells.
Aiming: Magic Dart (safe; 1% risk of failure)
Press: ? - help, Shift-Dir - straight line, f/p - Pikel
Aim: Pikel, wielding a +2 whip of flaming, wearing a +2 robe of resistance and carrying a wand of acid (2) (severely wounded)
The magic dart hits Pikel but does no damage.
Pikel is severely wounded.
Pikel hits you with a +2 whip of flaming.
* * * LOW HITPOINT WARNING * * *
Pikel burns you.
* * * LOW HITPOINT WARNING * * *
The slave hits the slave.
The slave barely misses itself.
Casting: Magic Dart (safe; 1% risk of failure)
Confirm with . or Enter, or press ? or * to list all spells.
Aiming: Magic Dart (safe; 1% risk of failure)
Press: ? - help, Shift-Dir - straight line, f/p - Pikel
Aim: Pikel, wielding a +2 whip of flaming, wearing a +2 robe of resistance and carrying a wand of acid (2) (severely wounded)
The magic dart hits Pikel.
Pikel is severely wounded.
Pikel zaps a wand.
The bolt of acid hits you!
You die...

#......................#
#......................+
#...............#......#
#############+.........#
##....# +...#.#.....
......# #...#.###...##
......# ..#..##...###...
......# .....#........#.#
......# ....##.@>..##...#
##....# #..#....K...#..#
##....###....###...##.<...
.......# ... ###p# .....
.......# .. ...#p# ....
#########? ......p.
#..###..## .......#..
.#..#..#.##.....#. .@.
#..#..#.._#.....#. ...


You could see Eustachio, Pikel and 3 slaves.

Vanquished Creatures
  Edmund (D:4)
  A slave (D:4)
  A scorpion (D:2)
  2 howler monkeys
  2 worker ants (D:4)
  3 gnolls (D:2)
  5 adders
  An ooze (D:4)
  3 dart slugs
  7 leopard geckos
  2 orcs
  A ball python (D:2)
  12 bats
  7 giant cockroaches
  12 goblins
  4 hobgoblins
  9 jackals
  A quokka (D:2)
  11 frilled lizards
  3 kobolds
  6 rats
94 creatures vanquished.

Vanquished Creatures (others)
  A fungus (D:3)
  3 toadstools (D:3)
4 creatures vanquished.

Grand Total: 98 creatures vanquished

Notes
Turn   | Place    | Note
-------+----------+-------------------------------------------
     0 | D:1      | Exodus22XD the Deep Elf Wizard began the quest for the Orb.
     0 | D:1      | Reached XP level 1. HP: 10/10 MP: 7/7
    70 | D:1      | Reached skill level 2 in Conjurations
   192 | D:1      | Reached XP level 2. HP: 11/15 MP: 1/9
   587 | D:1      | Reached skill level 3 in Conjurations
   776 | D:1      | Reached XP level 3. HP: 19/19 MP: 7/10
  1470 | D:2      | Reached skill level 4 in Conjurations
  1681 | D:2      | Noticed a scorpion
  1702 | D:2      | Killed a scorpion
  1702 | D:2      | Reached skill level 5 in Conjurations
  1702 | D:2      | Reached XP level 4. HP: 13/24 MP: 1/12
  1706 | D:2      | Learned a level 2 spell: Call Imp
  1709 | D:2      | Learned a level 2 spell: Blink
  1713 | D:2      | Learned a level 3 spell: Conjure Flame
  1717 | D:2      | Learned a level 3 spell: Mephitic Cloud
  1997 | D:2      | Reached XP level 5. HP: 28/28 MP: 8/13
  2520 | D:3      | Found an opulent altar of Gozag.
  2781 | D:3      | Found a sacrificial altar of Ru.
  3006 | D:4      | Reached XP level 6. HP: 24/32 MP: 0/14
  3124 | D:4      | Reached skill level 1 in Fire Magic
  3138 | D:4      | Found an ornate altar of the Wu Jian Council.
  3236 | D:4      | Noticed Edmund
  3419 | D:4      | Killed Edmund
  3759 | D:4      | Found a staircase to the Ecumenical Temple.
  3764 | D:4      | Noticed Pikel
  3766 | Temple   | Entered the Ecumenical Temple
  4227 | D:4      | Noticed a slave
  4229 | D:4      | Noticed a slave
  4229 | D:4      | Noticed a slave
  4231 | D:4      | Noticed a slave
  4240 | D:4      | Killed a slave
  4252 | D:4      | Noticed Eustachio
  4258 | D:4      | Killed from afar by Pikel

Skill      XL: |  1  2  3  4  5  6 |
---------------+-------------------+-----
Conjurations   | 2 3 5 |  5.0
Summonings     | 2 4 |  4.3
Fire Magic     | 3 |  3.7
Dodging        | |  2.4
Stealth        | |  2.4
Spellcasting   | |  4.4
Translocations | |  1.1
Evocations     | |  0.1

Action                   |  1- 3 |  4- 6 || total
-------------------------+-------+-------++-------
Melee: Dagger            |     8 |    20 ||    28
 Cast: Magic Dart        |    99 |   121 ||   220
       Mephitic Cloud    |       |     5 ||     5
       Call Imp          |       |     4 ||     4
       Conjure Flame     |       |     3 ||     3
 Abil: Stop Flying       |     1 |       ||     1
       Evoke Flight      |     1 |       ||     1
 Stab: Confused          |       |     2 ||     2
  Eat: Chunk             |     2 |     6 ||     8
       Ration            |       |     1 ||     1
Armor: Robe              |    10 |    18 ||    28
Dodge: Dodged            |    48 |    70 ||   118
